 Seeded DCSS version 0.30.0-19-g36f170ea60 (webtiles) character file.

Game seed: 6351066067085065685 (custom seed)

137 Esekla the Grave Robber (level 5, -2/28 HPs)
             Began as a Deep Elf Necromancer on May 29, 2023.
             Slain by an orc
             ... wielding a +0 trident
              (4 damage)
             ... on level 7 of the Dungeon.
             The game lasted 00:05:47 (526 turns).

Esekla the Grave Robber (Deep Elf Necromancer)       Turns: 526, Time: 00:05:47

Health: -2/28      AC:  2    Str:  5    XL:     5   Next: 0%
Magic:  12/12      EV: 13    Int: 22    God:
Gold:   24         SH:  0    Dex: 15    Spells: 7/11 levels left

rFire   . . .        c - +1 dagger (drain)
rCold   . . .        (no shield)
rNeg    . . .        a - +0 robe
rPois   .            (no helmet)
rElec   .            (no cloak)
rCorr   .            (no gloves)
SInv    .            (no boots)
Will    .....        (no amulet)
Stlth   +            (no ring)
HPRegen 0.24/turn    (no ring)
MPRegen 0.13/turn

%: no passive effects
@: confused
A: no striking features
a: no special abilities


You were on level 7 of the Dungeon.
You visited 1 branch of the dungeon, and saw 5 of its levels.

You collected 24 gold pieces.

Inventory:

Hand Weapons
 c - a +1 dagger of draining (weapon)
Armour
 a - a +0 robe (worn)
Wands
 j - a wand of mindburst (7)
Scrolls
 e - a scroll of fear {unknown}
 f - a scroll of identify {unknown}
 k - a scroll of poison {unknown}
 l - 3 scrolls of blinking {unknown}
 m - a scroll of teleportation {unknown}
Potions
 b - a potion of magic
 d - a potion of ambrosia {unknown}
 g - a potion of attraction {unknown}
 h - a potion of heal wounds {unknown}
 i - a potion of haste {unknown}


   Skills:
 + Level 0.2 Fighting
 + Level 1.0 Short Blades
 * Level 3.2 Dodging
 + Level 3.0 Stealth
 * Level 3.6 Spellcasting
 + Level 6.5 Necromancy
 + Level 0.1 Evocations


You had 7 spell levels left.
You knew the following spells:

 Your Spells              Type           Power      Damage    Failure   Level
a - Necrotise             Necr           100%       1d9       1%          1
d - Vampiric Draining     Necr           32%        2d8       2%          3

Your spell library contained the following spells:

 Spells                   Type           Power      Damage    Failure   Level
 Animate Dead             Necr           32%        N/A       8%          4
 Agony                    Necr           32%        N/A       22%         5


Dungeon Overview and Level Annotations

Branches:
Dungeon (4/15)
 Temple: D:4-7

Altars:


Message History

m - a scroll labelled EGUZUT XAHEGAJ You see here a +0 short sword.
Found a stone staircase leading down.
You see here 6 stones.
A white imp comes into view.
Found 14 gold pieces.
You see here 6 stones.
A phantom comes into view.
Found 2 bubbling green potions.
You open the door.
There is an open door here.
You close the door.
An orc comes into view. It is wielding a +0 trident.
Found 7 gold pieces.
An orc wizard comes into view. It is wielding a +0 dagger.
An orc comes into view. It is wielding a +0 hand axe.
An orc comes into view. It is wielding a +0 short sword.
An orc comes into view. It is wielding a +0 short sword.
The orc hits you from afar with a +0 trident.
The orc wizard shouts!
You hear a shout!
The orc shouts!
The orc wizard points at you and mumbles some strange words.
The magic dart hits you.
You hear a shout!
The orc attacks as you move away! The orc closely misses you.
A wyvern comes into view.
The orc attacks as you move away! The orc misses you.
The orc attacks as you move away! The orc misses you.
The orc hits you with a +0 short sword.
The orc wizard points at you and mumbles some strange words.
You are confused.
Okay, then.
The orc closely misses you.
The orc wizard points at you and mumbles some strange words.
The puff of flame hits you!
You bump into the rock wall.
The orc hits you with a +0 short sword.
* * * LOW HITPOINT WARNING * * *
The orc hits you from afar with a +0 trident.
* * * LOW HITPOINT WARNING * * *
The orc hits you with a +0 trident.
You die...

♣###.# #.5## .....#
#...# ....# #.. ....#
# ...# ..... # #..#
#.......# # #..#
#.o.....# #
#o.######.......###
#.@o..o............
#...#.o..o..#.........
###.#..W....#.........
#.#.......#.........
#.###'###.+.o...W...
#. #.# #.#.....###+ #.
#.. #.o.....# #. #.
###.###....## #. l#
#$...# ##


You could see a phantom, an orc wizard and 4 orcs.

Vanquished Creatures
  Menkaure (D:7)
  3 ball pythons (D:1)
  2 bats
  2 endoplasms
  2 goblins (D:1)
  A frilled lizard (D:1)
  2 kobolds (D:1)
13 creatures vanquished.

Notes
Turn   | Place    | Note
-------+----------+-------------------------------------------
     0 | D:1      | Esekla the Deep Elf Necromancer began the quest for the
                  | Orb.
     0 | D:1      | Reached XP level 1. HP: 10/10 MP: 6/6
    60 | D:1      | Reached skill level 5 in Necromancy
   198 | D:1      | Reached XP level 2. HP: 14/15 MP: 8/8
   434 | D:4      | You fall into a shaft and drop 3 floors!
   438 | D:7      | Noticed Menkaure
   441 | D:7      | Killed Menkaure
   442 | D:7      | Reached skill level 1 in Short Blades
   442 | D:7      | Reached skill level 6 in Necromancy
   442 | D:7      | Reached XP level 3. HP: 19/19 MP: 10/10
   442 | D:7      | Reached XP level 4. HP: 24/24 MP: 11/11
   442 | D:7      | Reached XP level 5. HP: 28/28 MP: 12/12
   446 | D:7      | Learned a level 3 spell: Vampiric Draining
   481 | D:7      | Noticed a phantom
   520 | D:7      | Noticed a wyvern
   525 | D:7      | HP: 1/28 [orc/+0 trident (6)]
   526 | D:7      | Slain by an orc

Illustrated notes

Levels and vault maps discovered:
D:1:      sevenhm_arrival_forest_fort_small_3, layout_rooms,
          chequers_serial_rivers_room_b, minmay_misc_feat_five
D:2:      layout_loops_ring, dreamdust_ecumenical_altar_angels_and_demons,
          serial_shops, shop
D:3:      layout_basic, grunt_temple_overflow_open, minmay_misc_feat_iff
D:4:      layout_basic, nicolae_overflow_quartered_altars, serial_shops,
          nicolae_diamond_shop
D:7:      layout_basic, uniq_menkaure, uniq_joseph, uniq_crazy_yiuf_cottage

Skill      XL: |  1  2 |
---------------+-------+-----
Necromancy     | 5 6 |  6.5
Short Blades   | 1 |  1.0
Dodging        | 3 |  3.2
Stealth        | 3 |  3.0
Fighting       | |  0.2
Spellcasting   | |  3.6
Evocations     | |  0.1

Action                     |  1- 3 |  4- 6 || total
---------------------------+-------+-------++-------
  Melee: Unarmed           |    10 |       ||    10
         Dagger            |    19 |       ||    19
         Short sword       |     4 |       ||     4
  Evoke: Wand              |     2 |       ||     2
   Stab: Sleeping          |     2 |       ||     2
 Armour: Robe              |     5 |       ||     5
  Dodge: Dodged            |    16 |     4 ||    20
